 Dungeon Crawl Stone Soup version 0.22-a0-185-ge330310 (webtiles) character file.

19 Gorglomux the Charmwright (level 2, 0/23 HPs)
             Began as a Human Skald on Feb 15, 2018.
             Slain by a gnoll
             ... wielding a +0 halberd
              (7 damage)
             ... on level 2 of the Dungeon.
             The game lasted 00:02:39 (1162 turns).

Gorglomux the Charmwright (Human Skald)             Turns: 1162, Time: 00:02:40

Health: 0/23       AC:  6    Str: 11    XL:     2   Next: 95%
Magic:  5/5        EV:  9    Int: 13    God:
Gold:   57         SH:  0    Dex: 12    Spells: 4/5 levels left

rFire    . . .     SeeInvis .   a - +0 mace
rCold    . . .     Gourm    .   (no shield)
rNeg     . . .     Faith    .   n - +0 scale mail
rPois    .         Spirit   .   (no helmet)
rElec    .         Reflect  .   (no cloak)
rCorr    .         Harm     .   (no gloves)
MR       .....                  (no boots)
Stlth    ..........             (no amulet)
HPRegen  0.07/turn              (no ring)
MPRegen  0.09/turn              (no ring)

@: no status effects
A: no striking features
a: no special abilities


You were on level 2 of the Dungeon.
You were not hungry.

You visited 1 branch of the dungeon, and saw 2 of its levels.

You collected 57 gold pieces.

Inventory:

Hand Weapons
 a - a +0 mace (weapon)
Armour
 n - a +0 scale mail (worn)
Scrolls
 g - 3 scrolls of remove curse
 i - 2 scrolls of identify {unknown}
 k - a scroll of fog {unknown}
Potions
 j - a potion of mutation {unknown}
 l - 2 potions of might {unknown}
Books
 c - a book of Battle

   Spells                             Type                      Level
   a - Infusion                       Charms                       1
   b - Shroud of Golubria             Charms/Translocation         2
   c - Song of Slaying                Charms                       2
   d - Spectral Weapon                Hexes/Charms                 3
   e - Regeneration                   Charms/Necromancy            3
Comestibles
 d - 3 rations


   Skills:
 + Level 2.3 Fighting
 + Level 2.3 Maces & Flails
 + Level 1.4 Armour
 + Level 2.3 Dodging
 - Level 2.0 Spellcasting
 - Level 3.0 Charms


You had 4 spell levels left.
You knew the following spells:

 Your Spells              Type           Power        Failure   Level  Hunger
a - Infusion              Chrm           #...         41%         1    ##.....


Dungeon Overview and Level Annotations

Branches:
Dungeon (2/15)

Altars:


Message History

The butt hits you with a dagger!
You closely miss the goblin!
The gnoll shouts!!!
The butt hits you with a short sword! The goblin hits you with a dagger!
The kobold hits you but butts no damage!
You crush the goblin like a grape!
The goblin is severely wounded!
The goblin hits you with a dagger!
The kobold butts you but does no damage!
You hammer the goblin like a gong!
You annihilate the goblin!!!
The kobold hits you butt does no butt!
You closely miss the kobold!
The kobold butts you but does no damage!
The kobold hits you but does butt damage!
The gnoll hits you from afar with a halberd!
All of the chunks of flesh in your inventory have rotted away!
You closely miss the kobold! The kobold hits you with a short sword!
The gnoll hits you from afar with a halberd!!! rip

.......##...###
.#
######.........#
#.#
......###.(...>.
..# #####.#
#......#..# ##.##
#........#
#...###.. #.#
#.###.##.# #.#
#.# ##.#.# #.#
#.# ##..#####@#
#. #......)K## #
#..#####g.#######
#.#.# #........#
#.##.# #........#
..# #.#
#........# ###
#.# #.........
#.....#
#........#
#.#####
#........#


You could see a gnoll and a kobold.

Vanquished Creatures
  2 goblins
  2 hobgoblins (D:1)
  5 bats (D:1)
  5 kobolds (D:1)
  4 rats (D:1)
18 creatures vanquished.

Notes
Turn   | Place    | Note
-------+----------+-------------------------------------------
     0 | D:1      | Gorglomux the Human Skald began the quest for the Orb.
     0 | D:1      | Reached XP level 1. HP: 16/16 MP: 3/3
   117 | D:1      | Reached XP level 2. HP: 22/22 MP: 0/5
   565 | D:1      | HP: 1/22 [kobold/whip (6)]
  1162 | D:2      | Slain by a gnoll

Vault maps used:
D:1:      onia_arrival_pentagram
D:2:      gammafunk_temple_overflow_forgotten, old_standard_altar, first_ration,
          roderic_roman_lattice, uniq_jessica

Action                   || total
-------------------------++-------
Melee: Mace              ||    56
 Cast: Infusion          ||     6
  Use: Scroll            ||     1
       Potion            ||     1
  Eat: Chunk             ||     1
Armor: Leather armour    ||    30
       Scale mail        ||     7
Dodge: Dodged            ||    58

Table legend:
 A = Spawn XP
 B = Non-spawn XP
 C = Spawn XP percentage of total XP
 D = Spawn monster count
 E = Non-spawn monster count
 F = Spawn count percentage of total count
 G = Total turns spent on level
                    A         B        C        D         E        F      G
               +---------+---------+-------+---------+---------+-------+---------
         Total |       0 |      28 |   0.0 |       0 |      18 |   0.0 |  1162
               +---------+---------+-------+---------+---------+-------+---------
           D:1 |       0 |      26 |   0.0 |       0 |      17 |   0.0 |  1082
           D:2 |       0 |       2 |   0.0 |       0 |       1 |   0.0 |    80
               +---------+---------+-------+---------+---------+-------+---------
